 Dungeon Crawl Stone Soup version 0.31-a0-662-g684573625c (webtiles) character file.

Game seed: 2192783533340146415

707 Dirtsage the Changeling (level 7, -2/43 HPs)
             Began as an Octopode Shapeshifter on Aug 31, 2023.
             Slain by an ogre
             ... wielding a +0 giant club
              (10 damage)
             ... on level 5 of the Dungeon.
             The game lasted 00:07:03 (3271 turns).

Dirtsage the Changeling (Octopode Shapeshifter)     Turns: 3271, Time: 00:07:04

Health: -2/43      AC:  1    Str: 15    XL:     7   Next: 67%
Magic:  7/7        EV: 13    Int: 12    God:
Gold:   1007       SH:  0    Dex: 12    Spells: 6/6 levels left

rFire   . .          .
                       - Unarmed
rCold   . . .        (no shield)
rNeg    . . .        (helmet currently unavailable)
rPois   .            (no amulet)
rElec   .            (no ring)
rCorr   .            (no ring)
SInv    .            (no ring)
Will    .....        (no ring)
Stlth   ++           (no ring)
HPRegen 0.27/turn    (no ring)
MPRegen 0.10/turn    (no ring)
                     (no ring)

%: no passive effects
@: beast-form
A: beast (slay +3), almost no armour, amphibious, 8 rings, camouflage 1,
gelatinous body 1, (nimble swimmer 1), tentacles
a: Begin Untransformation


You were on level 5 of the Dungeon.
You were a hulking beast.
You visited 1 branch of the dungeon, and saw 5 of its levels.
You also visited: Sewer.

You collected 1007 gold pieces.

Inventory:

Missiles
 a - 2 curare-tipped darts
 m - 2 throwing nets
Talismans
 b - a beast talisman (active)
 c - a flux talisman
 k - a beast talisman (active)
Scrolls
 g - 5 scrolls of fog
 h - 2 scrolls of enchant armour
 j - 5 scrolls of vulnerability
 n - a scroll of poison
 o - a scroll of identify {unknown}
 t - 2 scrolls of teleportation
Potions
 d - 3 potions of heal wounds {unknown}
 e - 2 potions of brilliance {unknown}
 f - 4 potions of might {unknown}
 i - 3 potions of resistance {unknown}
 l - 2 potions of invisibility {unknown}
 p - a potion of curing {unknown}


   Skills:
 - Level 1.0 Fighting
 - Level 2.0 Dodging
 + Level 5.5 Unarmed Combat
 * Level 6.8 Shapeshifting


You had 6 spell levels left.
You didn't know any spells.
Your spell library contained the following spells:

 Spells                   Type           Power      Damage    Failure   Level
 Magic Dart               Conj           0%         1d3       32%         1
 Blink                    Tloc           0%         N/A       45%         2
 Cigotuvi's Dreadful Rot  Necr/Pois/Air  0%         N/A       45%         2
 Lesser Beckoning         Tloc           0%         N/A       45%         2
 Momentum Strike          Conj/Tloc      0%         3d8       45%         2
 Searing Ray              Conj           0%         2d4       45%         2
 Gell's Gravitas          Tloc           0%         N/A       69%         3
 Teleport Other           Tloc           0%         N/A       69%         3
 Dispel Undead            Necr           0%         3d6       97%         4
 Fulminant Prism          Conj/Hex       0%         3d5       97%         4
 Death Channel            Necr           0%         N/A       100%        6
 Dispersal                Tloc           0%         N/A       100%        6


Dungeon Overview and Level Annotations

Branches:
Dungeon (5/15)              Sewer (visited)
 Temple: D:4-7

Altars:
Kikubaaqudgha
Ru


Innate Abilities, Weirdness & Mutations

You are a hulking beast.
Your limbs bulge with bestial killing power. (Slay +3)
You cannot wear most types of armour.
You are amphibious.
You can wear up to eight rings at the same time.
Your skin changes colour to match your surroundings (Stealth+).
Your rubbery body absorbs attacks. (AC +1, EV +1)
((You are camouflaged when in or above water. (Stealth+)))
You have tentacles for arms and can constrict up to eight enemies at once.


Message History

You tentacle-slap the white imp. Your grab misses the white imp.
The white imp is moderately wounded.
You feel sick. The white imp closely misses you.
You take 1 damage, and have 19/43 hp.
You closely miss the white imp. You grab the white imp.
The white imp is moderately wounded.
You constrict the white imp, but do no damage.
You feel sick. The white imp misses you.
You take 1 damage, and have 18/43 hp.
You barely miss the white imp.
The white imp is moderately wounded.
You constrict the white imp.
You feel sick. The white imp gestures at you. The puff of frost hits you.
* * * LOW HITPOINT WARNING * * *
You take 7 damage, and have 11/43 hp.
You bludgeon the white imp!
You kill the white imp!
You feel sick.
You take 1 damage, and have 10/43 hp.
Okay, then.
Okay, then.
You tentacle-slap the scorpion. You grab the scorpion.
You squeeze the scorpion, but do no damage.
The scorpion is moderately wounded.
You constrict the scorpion.
The scorpion stings you but does no damage.
You tentacle-slap the scorpion. x2; You squeeze the scorpion.
You kill the scorpion!
You feel sick.
You tentacle-slap the ogre. You squeeze the ogre!
The ogre is heavily wounded.
You feel sick.
You take 1 damage, and have 9/43 hp.
You barely miss the ogre.
The ogre is heavily wounded.
You feel sick.
You are no longer poisoned.
The ogre hits you with a +0 giant club!
You die...

......... .#. ...
...... ## #..... .
#..#.##. #.....#
#..#.#####
#O#.....# ..
#h..###.# #.#
#>....#.## #.#
#.....#..# #.#
#..#.....####.#
##.....#..[##.####
#...............#
#................
###.##.####......
.###.##..###.#.#..


You could see an ogre.

Vanquished Creatures
  4 kobold brigands (Sewer)
  2 scorpions
  A hound (D:4)
  A sleepcap (D:4)
  An orc wizard (D:5)
  4 gnolls (D:4)
  7 adders
  A white imp (D:5)
  2 worms (D:2)
  2 dart slugs
  13 orcs
  5 bats
  5 endoplasms
  3 giant cockroaches
  4 hobgoblins
  7 jackals
  15 kobolds
  4 quokkas
  10 ball pythons
  7 frilled lizards
  3 goblins
  6 rats
107 creatures vanquished.

Notes
Turn   | Place    | Note
-------+----------+-------------------------------------------
     0 | D:1      | Dirtsage the Octopode Shapeshifter began the quest for the
                  | Orb.
     0 | D:1      | Reached XP level 1. HP: 13/13 MP: 1/1
   265 | D:1      | Reached XP level 2. HP: 18/18 MP: 2/2
   502 | D:2      | Found an ancient bone altar of Kikubaaqudgha.
   612 | D:2      | Reached XP level 3. HP: 23/23 MP: 3/3
   840 | D:2      | Reached skill level 4 in Shapeshifting
   929 | D:2      | Reached XP level 4. HP: 28/28 MP: 4/4
  1264 | D:3      | Found a glowing drain.
  1279 | Sewer    | Entered a sewer
  1358 | Sewer    | Noticed a kobold brigand
  1358 | Sewer    | Noticed a kobold brigand
  1371 | Sewer    | Killed a kobold brigand
  1372 | Sewer    | Reached XP level 5. HP: 33/33 MP: 5/5
  1377 | Sewer    | Killed a kobold brigand
  1378 | Sewer    | Reached skill level 5 in Shapeshifting
  1506 | Sewer    | Noticed a kobold brigand
  1506 | Sewer    | Noticed a kobold brigand
  1514 | Sewer    | Killed a kobold brigand
  1515 | Sewer    | Reached XP level 6. HP: 17/38 MP: 6/6
  1848 | D:3      | Found a sacrificial altar of Ru.
  1972 | D:3      | Identified a scroll of acquirement
  1972 | D:3      | Acquired 781 gold pieces
  2422 | D:4      | Reached skill level 6 in Shapeshifting
  2457 | D:4      | Reached skill level 5 in Unarmed Combat
  2457 | D:4      | Reached XP level 7. HP: 27/43 MP: 7/7
  2955 | D:5      | Entered Level 5 of the Dungeon
  3271 | D:5      | Slain by an ogre

Illustrated notes

Levels and vault maps discovered:
D:1:      nicolae_arrival_escape_room, layout_rooms
D:2:      layout_loops_ring, serial_bayou, serial_bayou_pond_a,
          serial_bayou_lake_a, serial_bayou_pond_c, serial_bayou_shore_a,
          serial_bayou_pond_d, basic_altar, nicolae_the_louvre
D:3:      minmay_door_path, layout_rooms, mainiacjoe_overflow_paths,
          portal_sewer_entry_f, minmay_misc_feat_plants
D:4:      layout_rooms
D:5:      lemuel_ice_spiral_2, layout_rooms, grunt_ministairs_7

Skill      XL: |  1  2  3  4  5  6 |
---------------+-------------------+-----
Shapeshifting  | 4 5 6 |  6.8
Unarmed Combat | 4 5 |  5.5
Fighting       | |  1.0
Dodging        | |  2.0

Action                     |  1- 3 |  4- 6 |  7- 9 || total
---------------------------+-------+-------+-------++-------
  Melee: Unarmed           |    68 |    97 |    50 ||   215
         Constrict         |    17 |    20 |    19 ||    56
         Tentacles         |    11 |     6 |    14 ||    31
         Punch             |     2 |     5 |     3 ||    10
    Use: Scroll            |     5 |     4 |       ||     9
         Potion            |       |     2 |       ||     2
   Stab: Sleeping          |     2 |     6 |     2 ||    10
 Armour: Skin              |    16 |   128 |    22 ||   166
  Dodge: Dodged            |    37 |    37 |    17 ||    91

Table legend: (Time is in decaauts)
 A = Elapsed time spent in this place.
 B = Non-inter-level travel time spent in this place.
 C = Inter-level travel time spent in this place.
 D = Time resting spent in this place.
 E = Time spent auto-exploring this place.
 F = Levels seen in this place.
 G = Mean time per level.
                   A        B        C        D        E       F      G
               +--------+--------+--------+--------+--------+-----+--------+
         Total |   3258 |   3120 |    138 |    329 |   2179 |   6 |  543.0 |
       Dungeon |   2786 |   2648 |    138 |    158 |   2004 |   5 |  557.2 |
         Sewer |    471 |    471 |      0 |    171 |    175 |   1 |  471.0 |
               +--------+--------+--------+--------+--------+-----+--------+

Top non-repeatable levels by time:
     D:2: 782 daAuts
     D:4: 647 daAuts
     D:3: 632 daAuts
   Sewer: 471 daAuts
     D:1: 470 daAuts
     D:5: 252 daAuts
